 BcadrenCrawl: Boulder Brew version 0.06-240-gf756cca71e (webtiles) character file.

Game seed: 3664776209115921912, levelgen mode: deterministic

198 gruber the Twirler (level 5, -3/69 HPs) Minotaur Berserker. Began on Aug 13, 2022. Was a Believer of Trog. Slain by a crocodile (6 damage) ... on level 2 of the Dungeon on Aug 14, 2022. The game lasted 00:03:25 (999 turns).

gruber the Twirler (Minotaur Berserker)              Turns: 999, Time: 00:03:25

Health: -3/69      AC:  4    Str: 27    XL:     5 ^: 96
Magic:  1/1        EV: 17    Int:  4    God:    Trog [2* [68]]
Gold:   95         SH:  0    Dex: 15    Spells: 4/4 levels left

rFire    . . .     Slash    x   n - -1 morningstar (antimagic)
rCold    . . .     Pierce   .   (no weapon)
rNeg     . . .     Bludgeon .   a - +0 leather armour
rCorr    . . .     Vision   .   (helmet restricted)
rPois    .         Gourm    .   g - +0 cloak
rElec    .         Faith    .   (no gloves)
MR       .....     Spirit   .   (no boots)
HPRegen  0.33/turn Reflect  .   (no amulet)
MPRegen  0.11/turn Harm     .   k - ring of evasion Stlth ..........Rnd*Rage +
                                l - ring of dexterity

@: berserking, very quick
A: horns, retaliatory headbutt 2, soft flesh
a: Berserk, Trog's Hand, Renounce Religion


You were on level 2 of the Dungeon.
You worshipped Trog.
Trog was pleased with you.
You were hungry.

You visited 1 branch of the dungeon, and saw 2 of its levels.

You collected 95 gold pieces.

Inventory:

Weapons
 n - a -1 antimagic morningstar (weapon)
Armour
 a - a +0 leather armour (worn)
 g - a +0 cloak (worn)
Jewellery
 e - an uncursed ring of magical power
 k - a ring of evasion (left hand)
 l - a ring of dexterity (right hand)
 m - a cursed ring of ice {(Curse: Str-3)}
Scrolls
 b - a scroll of fear
 d - a scroll of magic mapping
 h - 3 scrolls of teleportation
 j - 2 scrolls of blinking
Potions
 f - 2 potions of heal wounds
Comestibles
 c - 5 rations


   Skills:
 - Level 3.6 Fighting
 + Level 7.5 Maces & Staves
 - Level 2.4 Armour
 - Level 2.1 Dodging


You had 4 spell levels left.
You didn't know any spells.
Your spell library was empty.

Dungeon Overview and Level Annotations

Branches:
Dungeon (2/8)

Altars:


Innate Abilities, Weirdness & Mutations

You reflexively attack those that strike you in melee with your horns.
Your soft flesh is weak to deep cuts.
Heavy manmade armour will nullify this weakness. (rSlashing-)
You frequently lose your temper in combat.
This godly rage surpasses even clarity. (*Rage)


Message History

You are too injured to fight recklessly!
Unknown command.
Unknown command.
The crocodile barely misses you.
Found 2 potions of lignification.
The crocodile bites you (16)!
* * * LOW HITPOINT WARNING * * *
A red film seems to cover your vision as you go berserk!
You feel yourself moving faster!
You feel mighty!
You are feeling hungry.
The crocodile barely misses you.
Unknown command.
Unknown command.
You sock the crocodile (9)! You hit the crocodile but do no damage.
You headbutt the crocodile (5).
The crocodile is heavily wounded. (15/29) HP You sock the crocodile (10)!
You hit the crocodile (1).
The crocodile is almost dead. (4/29) HP The crocodile bites you (6).
You die... ######## ### #### #......# ###≈≈ #≈.. #.≈≈≈≈≈# ##PP## #PPP

#.≈≈≈≈≈# ##.≈..# #P≈≈
#.≈≈≈≈≈###≈.#≈≈### #PP≈
#b≈≈≈≈@..#.≈#≈...###.≈≈
.≈#≈≈≈≈≈t%.!≈##≈....##≈.≈
..≈≈≈≈≈.≈#≈..#####.≈##.≈≈
!.#≈≈≈P≈.#..##≈.##..##.≈≈
#.≈P≈††#..#≈..#≈.≈≈≈≈≈≈
#≈..PP.#≈≈##≈.##.#.#≈≈≈
#.≈≈.P.#.≈#≈.≈..≈###≈≈.
...≈≈..≈...#..#..## #...
≈...≈≈≈..#..#..#PPP###.P≈


You could see a crocodile.

Vanquished Creatures
  4 giant cockroaches (D:1)
  9 sewer rats
  A worm (D:2)
  An ooze (D:2)
  A dart slug (D:1)
  A leopard gecko (D:1)
  2 adder skeletons (D:2)
  A cinder newt skeleton (D:2)
  4 goblins (D:1)
  7 hobgoblins (D:1)
  5 bats (D:1)
  8 kobolds (D:1)
  14 rats (D:1)
  A withered plant (D:2)
59 creatures vanquished.

Vanquished Creatures (others)
  A giant blowfly (D:2)
  6 withered plants (D:2)
7 creatures vanquished.

Grand Total: 66 creatures vanquished

Notes
Turn   | Place    | Note
-------+----------+-------------------------------------------
     0 | D:1      | gruber the Minotaur Berserker began the quest for the Orb.
     0 | D:1      | Reached XP level 1. HP: 19/19 MP: 0/0
    43 | D:1      | Reached skill level 4 in Maces & Staves
    43 | D:1      | Reached XP level 2. HP: 13/26 MP: 1/1
    44 | D:1      | Reached skill level 5 in Maces & Staves
   120 | D:1      | Reached XP level 3. HP: 26/31 MP: 2/2
   311 | D:1      | Reached ** piety under Trog
   366 | D:1      | Received a gift from Trog
   427 | D:1      | Reached skill level 6 in Maces & Staves
   427 | D:1      | Reached XP level 4. HP: 40/40 MP: 1/3
   842 | D:2      | Noticed a crocodile
   881 | D:2      | Reached skill level 7 in Maces & Staves
   881 | D:2      | Reached XP level 5. HP: 41/46 MP: 1/4
   996 | D:2      | HP: 2/46 [crocodile (16)]
   999 | D:2      | Slain by a crocodile

Levels and vault maps discovered:
D:1:      saegor_arrival_simple_b, layout_loops_cross, minmay_pentomino_o2,
          portal_sewer_entry_b
D:2:      layout_sewer, lemuel_crystal_altar, sewer_frog_pond, first_ration

Skill      XL: |  1  2  3  4 |
---------------+-------------+-----
Maces & Staves | 4 5 6 7 |  7.5
Fighting       | |  3.6
Armour         | |  2.4
Dodging        | |  2.1

Action                   |  1- 3 |  4- 6 || total
-------------------------+-------+-------++-------
Melee: Mace              |    41 |       ||    41
       Unarmed           |    23 |    21 ||    44
       Headbutt          |     4 |     9 ||    13
       Morningstar       |     3 |    38 ||    41
Invok: Berserk           |     1 |     1 ||     2
  Eat: Chunk             |       |     1 ||     1
Armor: Animal skin       |     6 |       ||     6
       Leather armour    |       |     6 ||     6
Dodge: Dodged            |     8 |    19 ||    27
